 Dungeon Crawl Stone Soup version 0.22.0 (webtiles) character file.

143824 inmateoo the Severer (level 16, -5/149 HPs)
             Began as a Minotaur Fighter on Aug 10, 2018.
             Was the Champion of Okawaru.
             Slain by a satyr
             ... wielding a +3 spear
              (41 damage)
             ... on level 3 of the Shoals.
             The game lasted 00:29:39 (25891 turns).

inmateoo the Severer (Minotaur Fighter)            Turns: 25891, Time: 00:29:40

Health: -5/149     AC: 28    Str: 26    XL:     16   Next: 83%
Magic:  21/21      EV: 14    Int:  8    God:    Okawaru [******]
Gold:   1499       SH:  0    Dex: 12    Spells: 15/15 levels left

rFire    + . .     SeeInvis .   i - +7 broad axe (vamp)
rCold    + + +     Gourm    .   R - +1 buckler {rPois}
rNeg     . . .     Faith    .   Y - +3 plate armour {rC+}
rPois    +         Spirit   .   E - +1 hat {Int+3}
rElec    .         Reflect  .   a - +0 cloak of the Exiled Lives {rC++ rCorr Slay+3 Stlth+}
rCorr    +         Harm     .   c - +1 pair of gloves of the Empire {MR+}
MR       ++...                  t - +2 pair of boots
Stlth    ..........             H - amulet of rage
HPRegen  0.34/turn              s - ring of protection from cold
MPRegen  0.17/turn              M - ring of protection from fire

@: sleeping, afraid, flying, slowed
A: retaliatory headbutt, horns 2
a: Heroism, Finesse, Renounce Religion, Evoke Berserk Rage


You were on level 3 of the Shoals.
You worshipped Okawaru.
Okawaru was exalted by your worship.
You were not hungry.

You visited 5 branches of the dungeon, and saw 27 of its levels.
You also visited: Sewer and Volcano.

You collected 2841 gold pieces.
You spent 1342 gold pieces at shops.

Inventory:

Hand Weapons
 i - a +7 vampiric broad axe (weapon)
 Q - a +2 scimitar of flaming
 W - the +10 zealot's sword {holy, *Rage rN+ EV+3}
   (You found it on level 5 of the Lair of Beasts)

   It has been blessed by the Shining One to cause great damage to the undead
   and demons.
   It affects your evasion (+3).
   It protects you from negative energy.
   It may make you go berserk in combat.
Armour
 a - the +0 cloak of the Exiled Lives (worn) {rC++ rCorr Slay+3 Stlth+}
   (Okawaru gifted it to you on level 15 of the Dungeon)

   It affects your accuracy and damage with ranged weapons and melee attacks
   (+3).
   It greatly protects you from cold.
   It provides partial protection from all sources of acid and corrosion.
   It makes you more stealthy.
 c - the +1 pair of gloves of the Empire (worn) {MR+}
   (Okawaru gifted it to you in a volcano)

   It affects your resistance to hostile enchantments.
 t - a +2 pair of boots (worn)
 B - the +6 scale mail "Taraetu" {Int+2}
   (You found it on level 13 of the Dungeon)

   It affects your intelligence (+2).
 E - a +1 hat of intelligence (worn)
 R - a +1 buckler of poison resistance (worn)
 Y - a +3 plate armour of cold resistance (worn)
Jewellery
 b - an uncursed ring of resist corrosion
 s - a ring of protection from cold (left hand)
 H - an amulet of rage (around neck)
 M - a ring of protection from fire (right hand)
Wands
 p - a wand of acid (25)
 w - a wand of iceblast (24)
 z - a wand of digging (48)
 G - a wand of random effects (32)
 J - a wand of disintegration (29)
 O - a wand of scattershot (2)
 S - a wand of flame (35)
 T - a wand of paralysis (18)
 U - a wand of polymorph (11)
Scrolls
 h - 6 scrolls of blinking
 k - 5 scrolls of teleportation
 m - 7 scrolls of fear
 n - 14 scrolls of identify
 o - 10 scrolls of enchant armour
 q - a scroll of enchant weapon
 u - 6 scrolls of magic mapping
 y - 3 scrolls of amnesia
 F - a scroll of remove curse
 L - 4 scrolls of fog
Potions
 d - 3 potions of might
 e - 2 potions of ambrosia
 g - 5 potions of heal wounds
 j - 3 potions of cancellation
 l - 2 potions of resistance
 r - 14 potions of curing
 v - 3 potions of flight
 x - 4 potions of haste
 A - 2 potions of agility
 C - 4 potions of lignification
 D - 3 potions of magic
 I - 6 potions of brilliance
 K - a potion of mutation {unknown}
 N - 3 potions of berserk rage
 P - a potion of invisibility
Comestibles
 f - 47 rations


   Skills:
 + Level 15.1 Fighting
 * Level 19.9 Axes
 + Level 15.0 Armour
 + Level 12.5 Dodging
 + Level 10.9 Shields
 - Level 7.0 Invocations
 - Level 8.0 Evocations


You had 15 spell levels left.
You didn't know any spells.
Your spell library contained the following spells:

 Spells                   Type           Power        Failure   Level  Hunger
 Magic Dart               Conj           #...         96%         1    ##.....
 Conjure Flame            Conj/Fire      #.......     100%        3    ####...
 Bolt of Magma            Conj/Fire/Erth #.........   100%        5    ######.
 Slow                     Hex            #.......     99%         2    ###....
 Freezing Cloud           Conj/Ice/Air   #.........   100%        6    #######
 Mephitic Cloud           Conj/Pois/Air  #.......     100%        3    ####...
 Ring of Flames           Chrm/Fire      #.........   100%        7    #######
 Venom Bolt               Conj/Pois      #.........   100%        5    ######.
 Blink                    Tloc           N/A          99%         2    ###....
 Animate Dead             Necr           N/A          100%        4    #####..
 Pain                     Necr           #...         96%         1    ##.....
 Animate Skeleton         Necr           N/A          96%         1    ##.....
 Vampiric Draining        Necr           #.........   100%        3    ####...
 Call Imp                 Summ           #.......     99%         2    ###....
 Regeneration             Chrm/Necr      #.........   100%        3    ####...
 Iron Shot                Conj/Erth      #.........   100%        6    #######
 Orb of Destruction       Conj           #.........   100%        7    #######
 Iskenderun's Battlesphe  Conj/Chrm      #.......     100%        5    ######.
 Spellforged Servitor     Conj/Summ      #.........   100%        7    #######
 Poisonous Vapours        Pois/Air       #.....       99%         2    ###....


Dungeon Overview and Level Annotations

Branches:
Dungeon (15/15)            Temple (1/1) D:5            Lair (6/6) D:8
 Shoals (3/4) Lair:4        Snake (0/4) Lair:3        Slime (0/5) Lair:6
    Orc (2/2) D:10            Elf (0/3) Orc:2        Vaults (0/5) D:13
 Depths (0/5) D:15

Altars:
Ashenzari
Cheibriados
Dithmenos
Elyvilon
Fedhas
Gozag
Hepliaklqana
Kikubaaqudgha
Makhleb
Nemelex Xobeh
Okawaru
Qazlal
Ru
Sif Muna
Trog
Uskayaw
Vehumet
Wu Jian
Xom
Yredelemnul
Zin
The Shining One
Beogh

Shops:
D:13 (   D:15 (   Orc:2 [*:


Innate Abilities, Weirdness & Mutations

You reflexively headbutt those who attack you in melee.
You have a pair of horns on your head.


Message History

* * * LOW HITPOINT WARNING * * *
Things that are here:
an uncursed vampiric spear; an uncursed hunting sling of freezing; 15 stones You slash the faun!
The faun is moderately wounded.
The faun splashes around in the water.
The satyr hits you but does no damage.
Unknown command.
You barely miss the faun.
The faun is moderately wounded.
The faun splashes around in the water.
The satyr closely misses you.
Unknown command.
You closely miss the faun. You headbutt the faun!
The faun is heavily wounded.
The satyr plays a lulling melody on his pipes!
You fall asleep.
The faun barely misses you. The satyr misses you.
The faun splashes around in the water.
The faun splashes around in the water.
The satyr splashes around in the water.
The satyr hits you from afar with an uncursed enchanted spear!!!
You die...

≈≈≈≈≈≈≈.# #(.....##.≈≈≈≈≈≈..#
...≈≈≈≈≈..# #......#8.≈≈≈≈≈≈≈(8
.#...≈≈≈≈..#########.##..≈≈≈≈≈..#
≈≈...###.(...##.≈≈≈≈≈.##
≈≈≈≈...((....##...≈...#
≈≈≈≈≈≈≈≈(≈≈%..###...###
≈≈≈≈≈≈≈(≈....#.###8##
≈≈≈≈≈≈)(≈≈...#.≈≈###
≈≈≈≈≈c)@≈≈.....≈≈≈
≈≈≈≈≈≈c≈≈≈........
≈≈≈≈≈≈≈≈≈≈≈....≈.
≈≈≈≈≈≈≈≈≈≈≈...≈≈.
≈≈≈≈≈≈≈≈≈≈≈≈≈)≈≈ ≈≈≈≈≈≈≈≈..≈≈≈≈≈
≈≈≈≈≈≈≈≈..≈≈≈≈≈ ≈≈≈≈≈≈≈≈≈≈≈≈≈≈≈


You could see a satyr and a faun.

Vanquished Creatures
  Saint Roka (Orc:2)
  Rupert (Orc:2)
  2 krakens
  A fire giant (D:15)
  An orc warlord (Orc:2)
  A red draconian (Volcano)
  Azrael (D:13)
  The ghost of Egaewko the Fighter, a journeyman OgHu of Okawaru (Lair:1)
  2 ettins
  A fire dragon (Lair:6)
  Erolcha (D:10)
  Harold (D:7)
  2 hydras
  3 centaur warriors
  A merfolk avatar (Shoals:2)
  The ghost of nicolaieve the Basher, a novice MiBe of Trog (D:10)
  A merfolk aquamancer (Shoals:3)
  2 satyrs (Shoals:2)
  5 two-headed ogres
  2 catoblepae
  2 tengu warriors (D:15)
  Urug (Orc:1)
  4 orc high priests (Orc:2)
  A fire crab (Lair:6)
  A salamander mystic (Volcano)
  7 sea snakes
  An unseen horror (D:15)
  A wizard (D:13)
  15 skeletal warriors
  A lindwurm (D:13)
  Pikel (D:9)
  A swamp dragon (Lair:6)
  15 harpies
  4 orc knights
  4 oklob plants (Lair:5)
  2 cyclopes
  6 ugly things
  4 salamanders (Volcano)
  3 deep elf magi
  4 orc sorcerers
  19 fauns
  7 manticores
  Maurice (D:13)
  12 elephants
  3 merfolk sirens
  Joseph (D:9)
  Psyche (D:9)
  2 water nymphs (Shoals:1)
  10 black mambas
  A molten gargoyle (Volcano)
  The ghost of dracos369 the Spear-Bearer, a novice MfCK of Xom (D:6)
  9 spiny frogs
  2 gargoyles
  2 kobold demonologists
  A centaur skeleton (D:15)
  6 rime drakes
  A tengu conjurer (D:14)
  12 komodo dragons
  8 merfolk
  A wind drake (Shoals:1)
  16 blink frogs
  3 hornets
  10 polar bears
  14 hippogriffs
  9 trolls
  8 slime creatures
  4 snapping turtles
  11 dream sheep
  2 raiju (Lair:6)
  A spriggan (D:9)
  2 vampires
  7 water elementals
  2 wraiths
  2 wyverns
  A spriggan (shapeshifter) (D:15)
  29 yaks
  A wyvern (shapeshifter) (D:15)
  Grum (Lair:1)
  6 vampire mosquitoes
  A human (shapeshifter) (D:15)
  2 basilisks
  4 fire bats
  5 fire elementals (D:13)
  A hungry ghost (D:9)
  2 steam dragons
  2 nagas (Lair:3)
  13 wargs
  9 water moccasins
  2 acid dragons
  16 hell hounds
  10 porcupines
  3 swamp drakes (Lair:6)
  4 slaves (D:9)
  14 black bears
  A necrophage (D:12)
  7 sky beasts
  An eye of draining (shapeshifter) (D:14)
  37 orc warriors
  6 ice beasts
  An eye of draining (D:9)
  A phantom (D:6)
  16 wolves
  18 centaurs
  16 ogres
  10 crocodiles
  A big kobold (D:15)
  A wyvern zombie (D:7)
  23 bullfrogs
  A wyvern skeleton (D:9)
  A water moccasin zombie (D:11)
  6 scorpions
  6 killer bees
  3 wights (D:8)
  7 crimson imps
  2 bullfrog zombies
  5 howler monkeys
  2 spectral bullfrogs (D:10)
  2 lava snakes (Volcano)
  4 centaur zombies
  9 hounds
  13 orc priests
  A wyvern simulacrum (D:14)
  A gnoll shaman (Orc:2)
  3 bullfrog skeletons
  17 jellies
  25 orc wizards
  12 iguanas
  Jessica (D:3)
  8 worker ants
  2 hell rats (Lair:3)
  2 bullfrog simulacra (D:10)
  A hound zombie (D:5)
  A hound skeleton (D:11)
  A howler monkey zombie (D:5)
  A worker ant zombie (D:9)
  5 gnolls (Orc:2)
  16 adders
  6 river rats (Lair:3)
  4 shadow imps
  15 oozes
  An adder zombie (D:8)
  7 worms
  A dart slug (D:3)
  11 leopard geckos
  106 orcs
  14 giant cockroaches
  2 gnoll zombies (D:4)
  14 goblins
  12 hobgoblins
  4 jackals (D:1)
  7 quokkas
  14 ball pythons
  7 bats
  19 frilled lizards
  12 kobolds
  A leopard gecko skeleton (D:4)
  8 rats
  8 fungi
  7 plants
  5 tentacles
1008 creatures vanquished.

Vanquished Creatures (others)
  An orc wizard (D:12)
  A leopard gecko (D:5)
  7 fungi
  13 plants
  10 tentacles
32 creatures vanquished.

Grand Total: 1040 creatures vanquished

Notes
Turn   | Place    | Note
-------+----------+-------------------------------------------
     0 | D:1      | inmateoo the Minotaur Fighter began the quest for the Orb.
     0 | D:1      | Reached XP level 1. HP: 19/19 MP: 0/0
    94 | D:1      | Reached skill level 3 in Axes
    94 | D:1      | Reached XP level 2. HP: 27/27 MP: 1/1
   413 | D:2      | Reached XP level 3. HP: 33/33 MP: 2/2
   838 | D:2      | Found an ancient bone altar of Kikubaaqudgha.
   927 | D:3      | Noticed Jessica
   940 | D:3      | Reached skill level 4 in Axes
   942 | D:3      | Killed Jessica
   942 | D:3      | Reached XP level 4. HP: 27/41 MP: 3/3
  1089 | D:3      | Reached XP level 5. HP: 35/47 MP: 4/4
  1137 | D:3      | Found a snail-covered altar of Cheibriados.
  1185 | D:3      | Reached skill level 5 in Axes
  1679 | D:4      | Noticed an ice beast
  1686 | D:4      | Killed an ice beast
  1686 | D:4      | Reached skill level 5 in Fighting
  1686 | D:4      | Reached skill level 5 in Armour
  1699 | D:4      | Reached XP level 6. HP: 29/56 MP: 5/5
  1724 | D:4      | Reached skill level 6 in Axes
  2148 | D:4      | Reached XP level 7. HP: 60/62 MP: 6/6
  2175 | D:4      | Found a basalt altar of Yredelemnul.
  2469 | D:4      | Reached skill level 7 in Axes
  2552 | D:5      | Entered Level 5 of the Dungeon
  2555 | D:5      | Found a glowing drain.
  2575 | Sewer    | Entered a sewer
  3057 | D:5      | Reached skill level 8 in Axes
  3423 | D:5      | Found a staircase to the Ecumenical Temple.
  3615 | Temple   | Entered the Ecumenical Temple
  3684 | Temple   | Became a worshipper of Warmaster Okawaru
  3807 | D:6      | Found a runed door.
  3808 | D:6      | Noticed dracos369's ghost (novice MfCK)
  3866 | D:6      | Killed dracos369's ghost
  3866 | D:6      | Reached * piety under Okawaru
  3866 | D:6      | Reached XP level 8. HP: 67/73 MP: 5/7
  3913 | D:6      | Reached skill level 9 in Axes
  4007 | D:6      | Reached ** piety under Okawaru
  4168 | D:6      | Reached skill level 1 in Dodging
  4342 | D:6      | Reached skill level 10 in Axes
  4349 | D:6      | Reached XP level 9. HP: 59/81 MP: 5/8
  5042 | D:7      | Noticed Harold
  5053 | D:7      | Killed Harold
  5053 | D:7      | Reached skill level 11 in Axes
  5173 | D:7      | Reached *** piety under Okawaru
  5478 | D:8      | Found a sparkling altar of Nemelex Xobeh.
  5643 | D:8      | Found a staircase to the Lair.
  5700 | D:8      | Reached XP level 10. HP: 61/91 MP: 9/9
  5733 | D:8      | Reached **** piety under Okawaru
  6225 | D:8      | Reached skill level 12 in Axes
  6225 | D:8      | Reached skill level 5 in Dodging
  6823 | D:9      | Noticed Joseph
  6840 | D:9      | Killed Joseph
  6994 | D:9      | Noticed Psyche
  6996 | D:9      | Noticed a two-headed ogre
  7003 | D:9      | Killed Psyche
  7005 | D:9      | Killed a two-headed ogre
  7005 | D:9      | Reached ***** piety under Okawaru
  7085 | D:9      | Reached skill level 10 in Fighting
  7094 | D:9      | Noticed Pikel
  7110 | D:9      | Killed Pikel
  7110 | D:9      | Reached skill level 13 in Axes
  7110 | D:9      | Reached skill level 10 in Armour
  7336 | D:9      | Received a gift from Okawaru
  7352 | D:9      | Reached XP level 11. HP: 54/100 MP: 1/10
  7778 | D:10     | Entered Level 10 of the Dungeon
  7945 | D:10     | Found a runed gate.
  7945 | D:10     | Found a runed gate.
  7945 | D:10     | Found a runed gate.
  7973 | D:10     | Noticed nicolaieve's ghost (novice MiBe)
  8030 | D:10     | Found a staircase to the Orcish Mines.
  8178 | D:10     | Noticed a skeletal warrior
  8185 | D:10     | Killed a skeletal warrior
  8185 | D:10     | Reached skill level 14 in Axes
  8186 | D:10     | Noticed a skeletal warrior
  8196 | D:10     | Noticed a skeletal warrior
  8893 | D:10     | You fall through a shaft for 2 floors!
  9013 | D:13     | Noticed a lindwurm
  9017 | D:13     | Noticed an ettin
  9022 | D:13     | Noticed a wizard
  9398 | D:12     | Noticed a white ugly thing
  9412 | D:12     | Killed a white ugly thing
  9412 | D:12     | Reached ****** piety under Okawaru
  9497 | D:12     | Noticed a deep elf mage
  9542 | D:12     | Killed a deep elf mage
  9542 | D:12     | Received a gift from Okawaru
  9702 | D:12     | Reached XP level 12. HP: 79/110 MP: 8/11
  9856 | D:12     | Reached skill level 15 in Axes
 10067 | D:11     | Received a gift from Okawaru
 10070 | D:11     | Got a fine arbalest {god gift}
 10985 | D:10     | Found a roughly hewn altar of Beogh.
 10989 | D:10     | Reached skill level 1 in Invocations
 10994 | D:10     | Reached skill level 1 in Evocations
 11001 | D:10     | Received a gift from Okawaru
 11072 | D:10     | Noticed Erolcha
 11076 | D:10     | Killed Erolcha
 11254 | D:10     | Killed nicolaieve's ghost
 11481 | D:13     | Noticed Maurice
 11488 | D:13     | Killed Maurice
 11502 | D:13     | Noticed a two-headed ogre
 11508 | D:13     | Killed a two-headed ogre
 11522 | D:13     | Noticed a centaur warrior
 11535 | D:13     | Killed a centaur warrior
 11644 | D:13     | Noticed Azrael
 11655 | D:13     | Received a gift from Okawaru
 11663 | D:13     | Killed Azrael
 11663 | D:13     | Reached skill level 5 in Shields
 11880 | D:13     | Killed an ettin
 11880 | D:13     | Reached skill level 16 in Axes
 11880 | D:13     | Reached XP level 13. HP: 102/118 MP: 11/14
 12150 | D:13     | Got a shimmering scale mail
 12161 | D:13     | Identified the +6 scale mail "Taraetu" {Int+2} (You found it on level 13 of the Dungeon)
 12215 | D:13     | Found Losecsei's Weapon Emporium.
 12361 | D:13     | Found a gate to the Vaults.
 13572 | D:15     | Entered Level 15 of the Dungeon
 13618 | D:14     | Received a gift from Okawaru
 14296 | D:15     | Found a staircase to the Depths.
 14298 | D:15     | Noticed a fire giant
 14340 | D:14     | Reached skill level 10 in Dodging
 14553 | D:15     | Received a gift from Okawaru
 14558 | D:15     | Got a brightly glowing cloak {god gift}
 14569 | D:15     | Identified the +0 cloak of the Exiled Lives {rC++ rCorr Slay+3 Stlth+} (Okawaru gifted it to you on level 15 of the Dungeon)
 14663 | D:15     | Found Pesileps's Weapon Shoppe.
 15142 | D:15     | Reached skill level 17 in Axes
 15142 | D:15     | Reached XP level 14. HP: 96/127 MP: 6/16
 15317 | D:15     | Killed a fire giant
 15613 | D:15     | Reached skill level 5 in Invocations
 16228 | Lair:1   | Entered Level 1 of the Lair of Beasts
 16416 | Lair:1   | Reached skill level 5 in Evocations
 16513 | Lair:1   | Noticed Grum
 16523 | Lair:1   | Killed Grum
 16819 | Lair:1   | Found a runed door.
 16820 | Lair:1   | Noticed Egaewko's ghost (journeyman OgHu)
 17193 | Lair:1   | Killed Egaewko's ghost
 18250 | Lair:3   | Received a gift from Okawaru
 18283 | Lair:3   | Got a warped battleaxe {god gift}
 18669 | Lair:3   | Found a staircase to the Snake Pit.
 19390 | Lair:4   | Reached skill level 18 in Axes
 19626 | Lair:4   | Found a staircase to the Shoals.
 19863 | Lair:5   | Reached XP level 15. HP: 137/137 MP: 18/18
 19966 | Lair:5   | Received a gift from Okawaru
 20245 | Lair:5   | Found the +10 zealot's sword {holy, *Rage rN+ EV+3}
 20833 | Lair:5   | You fall through a shaft!
 20833 | Lair:6   | Entered Level 6 of the Lair of Beasts
 20979 | Lair:6   | Found a staircase to the Slime Pits.
 21556 | Lair:6   | Found a dark tunnel.
 21566 | Volcano  | Entered a volcano
 21738 | Volcano  | Received a gift from Okawaru
 21742 | Volcano  | Got a pair of steaming gloves {god gift}
 21764 | Volcano  | Identified the +1 pair of gloves of the Empire {MR+} (Okawaru gifted it to you in a volcano)
 21770 | Volcano  | Found a radiant altar of Vehumet.
 22506 | Orc:1    | Entered Level 1 of the Orcish Mines
 22909 | Orc:1    | Noticed Urug
 22918 | Orc:1    | Killed Urug
 22963 | Orc:2    | Entered Level 2 of the Orcish Mines
 22964 | Orc:2    | Noticed Saint Roka
 22991 | Orc:2    | Killed Saint Roka
 23058 | Orc:2    | Found Dyjagi Deto's Antique Armour Shoppe.
 23075 | Orc:2    | Reached skill level 19 in Axes
 23174 | Orc:2    | Noticed Rupert
 23176 | Orc:2    | Found Cyusuec's General Store.
 23185 | Orc:2    | Killed Rupert
 23185 | Orc:2    | Reached XP level 16. HP: 128/147 MP: 12/20
 23215 | Orc:2    | Bought a potion of heal wounds for 70 gold pieces
 23215 | Orc:2    | Bought a scroll of identify for 28 gold pieces
 23215 | Orc:2    | Bought a potion of resistance for 140 gold pieces
 23215 | Orc:2    | Bought a scroll of blinking for 105 gold pieces
 23215 | Orc:2    | Bought a scroll of identify for 28 gold pieces
 23271 | Orc:2    | Found Vanletoepp's Antique Weapon Shoppe.
 23294 | Orc:2    | Reached skill level 10 in Shields
 23309 | Orc:2    | Found a staircase to the Elven Halls.
 23545 | Orc:2    | Found Soodgh's Book Shop.
 23725 | Orc:2    | Bought a runed chain mail for 217 gold pieces
 23743 | Orc:2    | Bought a shiny plate armour for 754 gold pieces
 23945 | Shoals:1 | Entered Level 1 of the Shoals
 24051 | Shoals:1 | Received a gift from Okawaru
 24114 | Shoals:1 | Noticed a kraken
 24122 | Shoals:1 | Killed a kraken
 24909 | Shoals:2 | Received a gift from Okawaru
 25524 | Shoals:3 | Reached skill level 15 in Fighting
 25555 | Shoals:3 | Noticed a kraken
 25566 | Shoals:3 | Killed a kraken
 25824 | Shoals:3 | Reached skill level 15 in Armour
 25891 | Shoals:3 | Slain by a satyr

Skill      XL: |  1  2  3  4  5  6  7  8  9 10 11 12 13 14 15 16 |
---------------+-------------------------------------------------+-----
Axes           | 3 4 5 6 8 10 11 13 14 16 17 18 19 | 19.9
Fighting       | 4 5 7 9 10 11 12 13 14 15 | 15.1
Armour         | 4 5 6 7 9 10 11 12 13 14 15 | 15.0
Dodging        | 2 4 6 8 9 10 11 12 | 12.5
Shields        | 5 6 8 9 10 | 10.9
Invocations    | 2 4 6 7 |  7.0
Evocations     | 2 4 5 6 8 |  8.0

Action                   |  1- 3 |  4- 6 |  7- 9 | 10-12 | 13-15 | 16-18 || total
-------------------------+-------+-------+-------+-------+-------+-------++-------
Melee: War axe           |    88 |   102 |   296 |   603 |       |       ||  1089
       Headbutt          |    11 |    23 |    48 |   145 |   258 |    82 ||   567
       Executioner's axe |       |       |       |    83 |   120 |       ||   203
       Broad axe         |       |       |       |       |   935 |   383 ||  1318
       Scimitar          |       |       |       |       |     2 |       ||     2
Invok: Heroism           |       |       |       |     2 |     4 |     1 ||     7
       Finesse           |       |       |       |       |     1 |       ||     1
 Abil: Evoke Berserk Rag |       |       |       |     1 |       |       ||     1
Evoke: Wand              |       |       |       |     1 |       |     1 ||     2
  Use: Scroll            |       |     7 |    11 |     3 |    18 |     1 ||    40
       Potion            |       |       |       |     3 |       |     2 ||     5
 Stab: Petrified         |       |       |       |       |     5 |       ||     5
       Confused          |       |       |       |       |     1 |       ||     1
  Eat: Chunk             |       |     4 |     9 |    19 |    10 |     2 ||    44
       Ration            |       |       |     1 |     1 |     8 |     3 ||    13
Armor: Scale mail        |    43 |    48 |    98 |       |   424 |    25 ||   638
       Chain mail        |       |       |    50 |   366 |       |       ||   416
       Plate armour      |       |       |       |     2 |    27 |   209 ||   238
Dodge: Dodged            |    31 |    27 |   100 |   251 |   565 |   249 ||  1223
Block: Shield            |    55 |    53 |   160 |   303 |   205 |       ||   776
       Buckler           |       |       |       |       |   146 |   154 ||   300
       Rpst.: Scimitar   |       |       |       |       |     1 |       ||     1
